K2, chaotic male elven Wizard ----- --------- |<..--- ------.....%.-- ------- --------------- |.....---|.........--..| |(....| ------- |.............| --..|....|.---------|..| |.._..| |>....| --|---+--.----+- --.|-.....---- ---- |.....| ------ --....|--- |..| --.| --|.........|--- ----- ---.--- |..+.| ---..|..---|..|--+-..--- ----.|....|..----...-- |.| |..|.| ---|-.....-|--........--+- -----..|....|.....---- |%. |....| --......--................| ------ |..|.............---%.- ---..+ |.......-|..--------|--..-- |.%%.| --......---.....u.....----- ..| |...{....|--|.........|..-- |....| |........|...|.@.:.......--.|.| --.......| #|[)%?!(=..|...| ---|--------....-------.@.---.......|.|------....--.%#-----------%..| ------.---...-|...-|..|..|-.i.|..---.....--..|...|.....------ |.......-- |..|-.........|..--|..|..|--.....|-....|%.......---....|..((| |.------- |..-...............-|---|-----..-|..........--....|-...-...(| |.|...-. -----.....{..%.----...............|...`.......|-...|....|.`((| |.|...| |.............%-- --+--.---------.........--..|........|------ |.--|------- -+-----.........| |.|.(%(| --.......-----|...|....|--------.....|....| --..------- |.-.((.| ---...--- --..|...--......|...{..-..-|| ---- --|.(((| ----- -----.....----........|..|.| ------ ------- --------------- K2 the Thaumaturge Experience level: 8 Strength: 11 Dexterity: 14 Constitution: 15 Intelligence: 18 Wisdom: 8 Charisma: 10 Health: 0(56) Energy: 66(71) Def: 3 Gold: 397 Moves: 3961 Dungeon seed: MgGzSQaFNmEv9rYC Game ID: K2_1481184167 Your Inventory: Coins $ - 397 gold pieces Weapons a - a blessed +0 dagger (weapon in hand) x - 4 uncursed +0 orcish daggers (in quiver) M - an uncursed +3 dagger O - 3 uncursed +0 daggers Armor A - an uncursed +0 cloak of magic resistance (being worn) D - an uncursed +0 dwarvish iron helm (being worn) G - an uncursed +0 mummy wrapping Comestibles s - 2 uncursed food rations Q - 2 uncursed food rations Rings c - an uncursed ring of shock resistance d - an uncursed ring of stealth E - an uncursed ring of see invisible Z - an uncursed ring of free action Wands B - an uncursed wand of digging (0:7) F - an uncursed wand of speed monster (0:3) Tools k - an uncursed lock pick l - an uncursed brass lantern (lit) (0:889) n - an uncursed tooled horn p - an uncursed +0 pick-axe K - an uncursed leash Spells and supernatural/magical abilities: Name Level Category Fail Memory a - force bolt 1 attack 0% 81% c - cause fear 3 enchantment 1% 81% W - pray for help -- divine ? -- Your skills at the end: Fighting Skills wands [Basic] Weapon Skills dagger [Basic] quarterstaff [Basic] Spellcasting Skills attack spells [Skilled] enchantment spells [Basic] Final Attributes: You were piously aligned. You were sleep resistant. You were magic-protected. You saw invisible. You were telepathic. You had infravision. You are dead. Vanquished creatures: a large mimic a small mimic a giant beetle a quivering blob a yeti a chickatrice a blue jelly a raven a gnome mummy a soldier ant 4 Uruk-hai an orc shaman a rock mole 6 gnome lords 2 gnomish wizards 4 elf zombies a paper golem a baby crocodile 3 floating eyes a kitten 9 dwarves 2 rabid rats a giant bat a werejackal 5 killer bees a coyote 3 giant rats a yellow mold 20 gnomes 3 jackals 6 goblins 2 sewer rats 4 grid bugs 4 lichens 2 newts 98 creatures vanquished. Voluntary challenges: You had been an atheist until turn 2465. You used a wielded weapon 76 times, starting on turn 215. You read items or engraved 2 times, starting on turn 3471. You never genocided any monsters. You never polymorphed an object. You never changed form. You used no wishes. You never split a pudding. You never wrote Elbereth's name. You never violated your personal moral code. You abstained from Elbereth's help. Dungeon overview: The Dungeons of Doom: levels 1 to 4 Level 1 a fountain a long staircase Level 2 Level 3 Level 4 stairs to The Gnomish Mines The Gnomish Mines: levels 5 to 8 Level 5 stairs to The Dungeons of Doom Level 6 Level 8 <- You were here many shops, a temple to Ptah, some fountains History has recorded: On T:1 you entered the Dungeons of Doom to retrieve the Amulet of Yendor! On T:309 you reached level 2 of The Dungeons of Doom. On T:412 you advanced to experience level 2. On T:484 you reached level 3 of The Dungeons of Doom. On T:928 you advanced to experience level 3. On T:1147 you reached level 4 of The Dungeons of Doom. On T:1372 you reached level 1 of The Gnomish Mines. On T:1462 you advanced to experience level 4. On T:1540 you advanced to experience level 5. On T:2181 you reached level 2 of The Gnomish Mines. On T:2209 you advanced to experience level 6. On T:2275 you reached level 4 of The Gnomish Mines. On T:2955 you advanced to experience level 7. On T:3887 you advanced to experience level 8. Score breakdown: Gold: 397 ( 8843 points) Experience: 8 levels (14739 points) Exploration: 8 levels ( 15.38%) (11114 points) Discoveries: 15 items ( 5.38%) ( 6956 points) Valuables value: (no points given unless you survive) Artifact value: 0 ( 0 points) Variety of kills: 35 monsters ( 9.14%) ( 9068 points) Turncount: 3961 turns (-1010 points) Survival: died (score multiplied by 80%) Total score: 39768 Latest messages: The force bolt hits the werejackal! The werejackal is killed! You see here a yeti corpse. You don't have that object. This yeti corpse tastes terrible! You stop eating. You resume your meal. You stop eating. You resume your meal. You stop eating. You hit the iguana. (2x) The iguana bites! You hit the iguana. The invisible quasit hits! (2x) The invisible quasit bites! The force bolt hits the invisible quasit! The invisible quasit hits! (2x) The invisible quasit bites! The iguana bites! You die... Final status: Goodbye K2 the Wizard, killed by an iguana... You died in The Gnomish Mines on dungeon level 8 with 39768 points, and 397 pieces of gold, after 3961 moves. You were level 8 with a maximum of 56 hit points when you died.